 Dungeon Crawl Stone Soup version 0.30-b1-5-g8e6c1be481 (webtiles) character file.

Game seed: 1585509270003475614

72 Mysteryquy the Trooper (level 4, -1/35 HPs)
             Began as a Human Fighter on May 4, 2023.
             Slain by Ijyb
             ... wielding a +0 club
              (6 damage)
             ... on level 2 of the Dungeon.
             The game lasted 00:02:19 (1524 turns).

Mysteryquy the Trooper (Human Fighter)              Turns: 1524, Time: 00:02:20

Health: -1/35      AC:  8    Str: 18    XL:     4   Next: 50%
Magic:  4/4        EV:  6    Int:  9    God:
Gold:   622        SH:  4    Dex: 12    Spells: 3/3 levels left

rFire   . . .        a - +0 war axe
rCold   . . .        c - +0 buckler
rNeg    . . .        b - +0 scale mail
rPois   .            g - +0 helmet
rElec   .            (no cloak)
rCorr   .            (no gloves)
SInv    .            (no boots)
Will    .....        (no amulet) Stlth
                     (no ring)
HPRegen 0.25/turn    (no ring)
MPRegen 0.09/turn

%: no passive effects
@: grasped by roots, constricted
A: no striking features
a: no special abilities


You were on level 2 of the Dungeon.
You visited 1 branch of the dungeon, and saw 3 of its levels.

You collected 622 gold pieces.

Inventory:

Hand Weapons
 a - a +0 war axe (weapon)
Missiles
 l - a throwing net (quivered)
Armour
 b - a +0 scale mail (worn)
 c - a +0 buckler (worn)
 g - a +0 helmet (worn)
Jewellery
 f - a ring of willpower
 m - a +4 ring of protection
Scrolls
 e - a scroll of immolation {unknown}
 h - a scroll of amnesia
Potions
 d - a potion of might
 i - 2 potions of lignification {unknown}
 k - 2 potions of curing


   Skills:
 + Level 3.4 Fighting
 + Level 3.2 Axes
 + Level 3.3 Armour
 + Level 0.6 Dodging
 + Level 0.5 Stealth
 + Level 3.2 Shields


You had 3 spell levels left.
You didn't know any spells.
Your spell library contained the following spells:

 Spells                   Type           Power      Damage    Failure   Level
 Call Canine Familiar     Summ           0%         N/A       99%         3
 Portal Projectile        Hex/Tloc       0%         N/A       99%         3
 Tukima's Dance           Hex            0%         N/A       99%         3
 Volatile Blastmotes      Fire/Tloc      0%         2d10      99%         3
 Fulminant Prism          Conj/Hex       0%         3d5       100%        4
 Iskenderun's Mystic Bla  Conj/Tloc      0%         2d3       100%        4
 Leda's Liquefaction      Hex/Erth       0%         N/A       100%        4
 Blade Hands              Tmut           0%         N/A       100%        5
 Lee's Rapid Deconstruct  Erth           0%         3d4*      100%        5


Dungeon Overview and Level Annotations

Branches:
Dungeon (3/15)

Altars:

Annotations:
D:2 Ijyb


Message History

Ijyb is lightly wounded.
Ijyb zaps a wand.
The roots erupt in riotous growth!
The grasping roots grab you!
Ijyb is unaffected.
The grasping roots constrict you.
You are too injured to fight recklessly!
You are too injured to fight recklessly!
You are too injured to fight recklessly!
You are too injured to fight recklessly!
You are too injured to fight recklessly!
You are too injured to fight recklessly!
You are too injured to fight recklessly!
You barely miss Ijyb.
Ijyb is lightly wounded.
Ijyb screams, "Me kill you!" Ijyb hits you but does no damage.
The grasping roots constrict you.
The grasping roots release their grip on you.
You barely miss Ijyb.
Ijyb is lightly wounded.
Ijyb hits you with a +0 club. x2
You closely miss Ijyb.
Ijyb is lightly wounded.
You block Ijyb's attack.
You slash Ijyb!
Ijyb is heavily wounded.
Ijyb barely misses you. Ijyb closely misses you.
You hit Ijyb.
Ijyb is severely wounded.
Ijyb zaps a wand.
The roots erupt in riotous growth!
The grasping roots grab you!
Ijyb is unaffected.
The grasping roots constrict you.
You closely miss Ijyb.
Ijyb is severely wounded.
Ijyb hits you with a +0 club.
* * * LOW HITPOINT WARNING * * *
The grasping roots constrict you.
* * * LOW HITPOINT WARNING * * *
You closely miss Ijyb.
Ijyb is severely wounded.
Ijyb hits you with a +0 club.
You die...

##..#..##........###..### #.##
##.#..####.#######..## ###.#
###.#..####.# ###.## #...#
.##.........#####...# ##.###
........######.....## #..#
###.........#.......## #.## #
..#......##..........# #.# #
....#.........<..g...# ###.# ###
..######.#......@....# #...####..
..# #.###.........###.##......
..# #<..#................##...
..# ###........)......###.....
)## #####......................
..#####......................##..
........###.(........##..######..
..#..#######.........##...## #..
..##.#####..........##(.#..## ###


You could see Ijyb.

Vanquished Creatures
  An adder (D:2)
  A worm (D:2)
  A dart slug (D:1)
  5 endoplasms
  2 giant cockroaches (D:1)
  7 goblins
  5 hobgoblins (D:2)
  7 jackals
  2 quokkas
  4 ball pythons
  5 bats
  4 frilled lizards
  6 kobolds
  5 rats
55 creatures vanquished.

Notes
Turn   | Place    | Note
-------+----------+-------------------------------------------
     0 | D:1      | Mysteryquy the Human Fighter began the quest for the Orb.
     0 | D:1      | Reached XP level 1. HP: 18/18 MP: 1/1
     1 | D:1      | Noticed an electric eel
    81 | D:1      | Reached XP level 2. HP: 23/24 MP: 2/2
   276 | D:1      | Found a faded altar of an unknown god.
   334 | D:1      | Reached XP level 3. HP: 20/29 MP: 3/3
   799 | D:1      | Identified a scroll of acquirement
   799 | D:1      | Acquired 500 gold pieces
  1035 | D:2      | Reached XP level 4. HP: 35/35 MP: 4/4
  1511 | D:3      | Noticed Ijyb
  1524 | D:2      | Slain by Ijyb

Illustrated notes

Levels and vault maps discovered:
D:1:      arrival_aquarium_a, layout_loops_ring,
          hellmonk_ecumenical_altar_run_dry, minmay_unequal
D:2:      layout_rooms
D:3:      layout_rooms, general_overflow_altar, minmay_guardbox, uniq_ijyb,
          uniq_sigmund, uniq_natasha

Skill      XL: |  1  2  3  4 |
---------------+-------------+-----
Axes           | 3 |  3.2
Fighting       | |  3.4
Armour         | |  3.3
Dodging        | |  0.6
Stealth        | |  0.5
Shields        | |  3.2

Action                     |  1- 3 |  4- 6 || total
---------------------------+-------+-------++-------
  Melee: War axe           |   112 |    52 ||   164
    Use: Scroll            |     5 |       ||     5
 Armour: Scale mail        |    60 |    21 ||    81
  Dodge: Dodged            |    52 |    23 ||    75
  Block: Buckler           |    30 |    13 ||    43
